 Dungeon Crawl Stone Soup version 0.28-a0-863-g8cecda6153 (webtiles) character file.

Game seed: 5582346599847980210

8 Ijustatesigmund the Skirmisher (level 2, 0/24 HPs)
             Began as a Demonspawn Fighter on Nov 19, 2021.
             Slain by a rat (2 damage)
             ... on level 1 of the Dungeon.
             The game lasted 00:00:59 (521 turns).

Ijustatesigmund the Skirmisher (Demonspawn Fighter)  Turns: 521, Time: 00:00:59

Health: 0/24       AC:  8    Str: 16    XL:     2   Next: 0%
Magic:  2/2        EV:  6    Int:  9    God:
Gold:   34         SH:  4    Dex: 12    Spells: 1/1 levels left

rFire   . . .      SeeInvis .   a - +0 war axe
rCold   . . .      Faith    .   c - +0 buckler
rNeg    . . .      Spirit   .   b - +0 chain mail
rPois   .          Reflect  .   (no helmet)
rElec   .          Harm     .   (no cloak)
rCorr   .          Rampage  .   (no gloves)
Will    .....                   (no boots)
Stlth   ..........              (no amulet)
HPRegen 0.08/turn               (no ring)
MPRegen 0.08/turn               (no ring)

@: no status effects
A: demonic touch 1
a: no special abilities


You were on level 1 of the Dungeon.
You visited 1 branch of the dungeon, and saw 1 of its levels.

You collected 34 gold pieces.

Inventory:

Hand Weapons
 a - a +0 war axe (weapon)
Armour
 b - a +0 chain mail (worn)
 c - a +0 buckler (worn)
Scrolls
 e - 2 scrolls of identify {unknown}
Potions
 d - a potion of might
 f - 2 potions of resistance {unknown}


   Skills:
 + Level 3.3 Fighting
 + Level 2.1 Axes
 - Level 2.6 Armour
 - Level 2.6 Shields


You had one spell level left.
You didn't know any spells.
Your spell library was empty.

Dungeon Overview and Level Annotations

Branches:
Dungeon (1/15)

Altars:


Innate Abilities, Weirdness & Mutations

Your touch may inflict minor irresistible damage on your foes.


Message History

You block the rat's attack. The rat barely misses you.
The rat bites you but does no damage. The rat bites you but does no damage.
The rat bites you. The rat completely misses you. You block the rat's attack.
The rat bites you but does no damage. The rat bites you.
* * * LOW HITPOINT WARNING * * *
You block the rat's attack. The rat bites you but does no damage.
You block the rat's attack. The rat barely misses you. The rat bites you.
* * * LOW HITPOINT WARNING * * *
You block the rat's attack. The rat bites you but does no damage.
The rat bites you but does no damage. The rat bites you but does no damage.
The rat bites you but does no damage. You block the rat's attack.
The rat bites you but does no damage. The rat bites you but does no damage.
The rat bites you.
* * * LOW HITPOINT WARNING * * *
You block the rat's attack. The rat bites you but does no damage.
The rat barely misses you. The rat bites you but does no damage.
The rat bites you but does no damage. The rat bites you.
* * * LOW HITPOINT WARNING * * *
The rat bites you.
* * * LOW HITPOINT WARNING * * *
The rat bites you but does no damage. You block the rat's attack.
The rat bites you but does no damage. The rat bites you.
You die...

#.##.........#
#####.#####....### #
#..............#
#.#.###...####...#
.. #.#.# #...#
#.###.#.# #...#
#.....#.# #...#
......#.##.####...#
..... #@...........
.......r............
....$..........
....###..###### ##.
...# # ##.# .# ##


You could see a rat.

Vanquished Creatures
  A ball python (D:1)
  A goblin (D:1)
  2 hobgoblins (D:1)
  A quokka (D:1)
  A frilled lizard (D:1)
  A rat (D:1)
7 creatures vanquished.

Notes
Turn   | Place    | Note
-------+----------+-------------------------------------------
     0 | D:1      | Ijustatesigmund the Demonspawn Fighter began the quest for
                  | the Orb.
     0 | D:1      | Reached XP level 1. HP: 18/18 MP: 1/1
   383 | D:1      | Gained mutation: Your touch may inflict minor irresistible
                  | damage on your foes. [demonic ancestry]
   383 | D:1      | Reached XP level 2. HP: 24/24 MP: 2/2
   521 | D:1      | Slain by a rat

Illustrated notes

Levels and vault maps discovered:
D:1:      matt_arrival_spirals, layout_loops_cross

Skill      XL: |  1 |
---------------+----+-----
Axes           | 2 |  2.1
Fighting       | |  3.3
Armour         | |  2.6
Shields        | |  2.6

Action                   || total
-------------------------++-------
Melee: War axe           ||    19
Armor: Chain mail        ||    67
Dodge: Dodged            ||    40
Block: Buckler           ||    27

Table legend: (Time is in decaauts)
 A = Elapsed time spent in this place.
 B = Non-inter-level travel time spent in this place.
 C = Inter-level travel time spent in this place.
 D = Time resting spent in this place.
 E = Time spent auto-exploring this place.
 F = Levels seen in this place.
 G = Mean time per level.
                   A        B        C        D        E       F      G
               +--------+--------+--------+--------+--------+-----+--------+
         Total |    529 |    529 |      0 |      0 |    326 |   1 |  529.0 |
       Dungeon |    529 |    529 |      0 |      0 |    326 |   1 |  529.0 |
               +--------+--------+--------+--------+--------+-----+--------+

Top non-repeatable levels by time:
     D:1: 529 daAuts
